 Dungeon Crawl Stone Soup version 0.31-a0-232-gb1c03b2570 (webtiles) character file.

Game seed: 71470842524523086

132 qw the Shooter (level 5, -8/30 HPs)
             Began as a Gargoyle Hexslinger on July 7, 2023.
             Mangled by a gnoll
             ... wielding a +0 halberd
              (9 damage)
             ... on level 2 of the Dungeon.
             The game lasted 00:00:52 (1239 turns).

qw the Shooter (Gargoyle Hexslinger)                Turns: 1239, Time: 00:00:53

Health: -8/30      AC:  7    Str: 11    XL:     5   Next: 15%
Magic:  6/6        EV: 11    Int: 14    God:
Gold:   54         SH:  0    Dex: 14    Spells: 5/6 levels left

rFire   . . .        Y - +1 sling
rCold   . . .        (no shield)
rNeg    + . .        f - +0 leather armour
rPois   inf          (no helmet)
rElec   +            (no cloak)
rCorr   .            (no gloves)
SInv    .            (no boots)
Will    .....        (no amulet)
Stlth   +            (no ring)
HPRegen 0.25/turn    (no ring)
MPRegen 0.10/turn

%: no passive effects
@: about to teleport
A: sickness immunity, AC +4, negative energy resistance 1, electricity
resistance, torment resistance 1, petrification resistance
a: no special abilities


You were on level 2 of the Dungeon.
You visited 1 branch of the dungeon, and saw 2 of its levels.

You collected 54 gold pieces.


Innate Abilities, Weirdness & Mutations

You are immune to sickness and miasma.
Your stone body is resilient. (AC +4)
You are immune to poison.
You resist negative energy. (rN+)
You are resistant to electric shocks. (rElec)
You are resistant to unholy torment.
You are immune to petrification.


   Skills:
 - Level 2.0 Fighting
 + Level 4.9 Ranged Weapons
 - Level 1.5 Dodging
 - Level 1.0 Spellcasting
 - Level 2.6 Hexes


You had 5 spell levels left.
You knew the following spells:

 Your Spells              Type           Power      Damage    Failure   Level
a - Slow                  Hex            32%        N/A       12%         1

Your spell library contained the following spells:

 Spells                   Type           Power      Damage    Failure   Level
 Inner Flame              Hex/Fire       4%         N/A       52%         3
 Portal Projectile        Hex/Tloc       8%         N/A       52%         3
 Cause Fear               Hex            4%         N/A       75%         4

Inventory:

Hand Weapons
 Y - a +1 sling (weapon)
Armour
 a - a +0 pair of gloves
 c - a +0 ring mail
 f - a +0 leather armour (worn)
Jewellery
 d - an amulet of reflection
 j - a ring of fire
Scrolls
 b - a scroll of identify {unknown}
 g - a scroll of acquirement {unknown}
 h - a scroll of enchant armour {unknown}
Potions
 e - 2 potions of haste {unknown}

Dungeon Overview and Level Annotations

Branches:
Dungeon (2/15)

Altars:
Ashenzari


Message History

You have reached level 5!
You shoot a sling bullet. The sling bullet hits the gnoll.
The gnoll is moderately wounded.
The gnoll barely misses you.
You shoot a sling bullet.
The sling bullet closely misses the gnoll.
The gnoll closely misses you.
The gnoll hits you from afar with a +0 halberd.
You shoot a sling bullet. The sling bullet hits the gnoll!
The gnoll is almost dead.
The gnoll hits you from afar with a +0 halberd.
You shoot a sling bullet.
The sling bullet closely misses the gnoll.
The gnoll hits you from afar with a +0 halberd.
You shoot a sling bullet. The sling bullet hits the gnoll.
You kill the gnoll!
You shoot a sling bullet. The sling bullet hits the gnoll.
The gnoll is moderately wounded.
The gnoll closely misses you.
You shoot a sling bullet.
The sling bullet closely misses the gnoll.
The gnoll hits you from afar with a +0 halberd.
The gnoll barely misses you.
You shoot a sling bullet.
The sling bullet barely misses the gnoll.
The gnoll closely misses you.
You shoot a sling bullet. The sling bullet hits the gnoll.
The gnoll is heavily wounded.
The gnoll hits you from afar with a +0 halberd.
You shoot a sling bullet.
The sling bullet closely misses the gnoll.
The gnoll hits you from afar with a +0 halberd!
You shoot a sling bullet.
The sling bullet closely misses the gnoll.
The gnoll hits you from afar with a +0 halberd!
1239 ||| READING scroll of teleportation.
As you read the scroll of teleportation, it crumbles to dust.
You feel strangely unstable.
The gnoll hits you from afar with a +0 halberd!
You die...

.......#<.........#
.......#%.........#
.$.....#..........#
.......#..........#####
..g....#..............#
..g #..............# ....
########.......# .....
##### #.......####
......##@..###...........
#..g%.................
........................[
.....%....._...#####.....
...............# #.....
...............# #.....
.....>.........# #.....
...............# ######
..##...........# #


You could see a gnoll.

Vanquished Creatures
  3 gnolls (D:2)
  3 adders (D:2)
  2 worms (D:2)
  4 dart slugs
  6 ball pythons
  6 bats
  2 endoplasms
  A giant cockroach (D:1)
  3 goblins
  6 hobgoblins (D:1)
  10 jackals
  5 kobolds
  3 quokkas
  A frilled lizard (D:1)
  6 rats
61 creatures vanquished.

Notes
Turn   | Place    | Note
-------+----------+-------------------------------------------
     0 | D:1      | qw the Gargoyle Hexslinger began the quest for the Orb.
     0 | D:1      | Reached XP level 1. HP: 12/12 MP: 2/2
     0 | D:1      | 0 ||| qw: Version: 0.3-a-46-gb1f654a
     0 | D:1      | 0 ||| qw: Game counter: 2930
     0 | D:1      | 0 ||| qw: Melee chars always use a shield: true
     0 | D:1      | 0 ||| qw: God list: Okawaru
     0 | D:1      | 0 ||| qw: Allow faded altars: false
     0 | D:1      | 0 ||| qw: Do Orc after clearing Dungeon:15 true
     0 | D:1      | 0 ||| qw: Do second Lair branch before Depths: true
     0 | D:1      | 0 ||| qw: Lair rune preference: random
     0 | D:1      | 0 ||| qw: Goals: Normal
     0 | D:1      | 0 ||| PLANNING D:1-11
    58 | D:1      | Reached XP level 2. HP: 16/16 MP: 3/3
   108 | D:1      | Reached skill level 3 in Ranged Weapons
   166 | D:1      | 166 ||| FLEEEEING.
   238 | D:1      | Reached XP level 3. HP: 21/21 MP: 4/4
   573 | D:1      | 573 ||| UPGRADING to +0 leather armour.
   583 | D:1      | 583 ||| DROPPING +0 robe.
   584 | D:1      | 584 ||| READING scroll labelled TUZAPN XOOJ BUHA.
   585 | D:1      | 585 ||| READING scroll labelled VUTOTEEFUV.
   589 | D:1      | 589 ||| READING scroll labelled FYAPOD SANKY.
   590 | D:1      | 590 ||| READING scroll labelled DUARAI IVAHE.
   591 | D:1      | 591 ||| DROPPING scroll of poison.
   695 | D:2      | Reached XP level 4. HP: 10/26 MP: 5/5
   798 | D:2      | Reached skill level 4 in Ranged Weapons
  1048 | D:2      | HP: 5/26 [jackal (3)]
  1050 | D:2      | HP: 2/26 [jackal (3)]
  1159 | D:2      | Found a broken altar of Ashenzari.
  1222 | D:2      | 1222 ||| Stepping ~*~*~tactically~*~*~ (outnumbered).
  1224 | D:2      | 1224 ||| Stepping ~*~*~tactically~*~*~ (outnumbered).
  1228 | D:2      | Reached XP level 5. HP: 30/30 MP: 6/6
  1238 | D:2      | HP: 1/30 [gnoll/+0 halberd (10)]
  1239 | D:2      | 1239 ||| READING scroll of teleportation.
  1239 | D:2      | Mangled by a gnoll

Levels and vault maps discovered:
D:1:      dpeg_arrival_ternary, layout_rooms, minivault_11,
          minmay_split_cup_small
D:2:      cheibrodos_old_hovel, layout_basic, basic_altar

Skill      XL: |  1  2  3  4 |
---------------+-------------+-----
Ranged Weapons | 3 4 |  4.9
Fighting       | 2 |  2.0
Dodging        | |  1.5
Spellcasting   | |  1.0
Hexes          | |  2.6

Action                     |  1- 3 |  4- 6 || total
---------------------------+-------+-------++-------
   Fire: Sling             |   123 |   129 ||   252
    Use: Scroll            |     4 |     1 ||     5
 Armour: Robe              |    19 |       ||    19
         Leather armour    |     2 |    38 ||    40
  Dodge: Dodged            |    39 |    68 ||   107

Table legend:
 A = Non-vault XP
 B = Vault XP
 C = Vault XP percentage of total XP
 D = Non-vault monster count
 E = Vault monster count
 F = Vault count percentage of total count
                 A         B        C        D         E       F
            +---------+---------+-------+---------+---------+-------
      Total |     181 |       8 |   4.2 |      57 |       4 |   6.6
            +---------+---------+-------+---------+---------+-------
        D:1 |      53 |       7 |  11.7 |      30 |       3 |   9.1
        D:2 |     128 |       1 |   0.8 |      27 |       1 |   3.6
            +---------+---------+-------+---------+---------+-------
